 Dungeon Crawl Stone Soup version 0.27-a0-1500-g450c7e4133 (webtiles) character file.

Game seed: 6116352807028254528

78022 nyamberluvr69 the Peltast (level 15, 0/146 HPs)
             Began as a Troll Berserker on July 6, 2021.
             Was the Champion of Trog.
             Killed by divine providence
             ... invoked by Saint Roka
              (9 damage)
             ... on level 2 of the Orcish Mines on July 7, 2021.
             The game lasted 01:12:44 (23505 turns).

nyamberluvr69 the Peltast (Troll Berserker)        Turns: 23505, Time: 01:12:44

Health: 0/146      AC:  9    Str: 38    XL:     15   Next: 17%
Magic:  14/14      EV: 12    Int:  3    God:    Trog [******]
Gold:   1882       SH: 23    Dex:  9    Spells: 14/14 levels left

rFire    . . .     SeeInvis +     - Unarmed
rCold    + . .     Faith    .   M - +0 tower shield
rNeg     . . .     Spirit   .   J - +0 troll leather armour
rPois    +         Reflect  .   (helmet restricted)
rElec    .         Harm     .   T - +0 cloak
rCorr    +         Rampage  .   (gloves unavailable)
Will     +++++                  (boots unavailable)
Stlth    +.........             i - amulet of the acrobat
HPRegen  2.34/turn              L - ring of the Scarab {rPois rC+ Will+++ rCorr Str-2}
MPRegen  0.14/turn              Q - ring "Eweypt" {Will+ rCorr Str+6 SInv}

@: on berserk cooldown, slowed, very slow
A: large, unfitting armour, claws 3, regeneration 1, shaggy fur 1, tough skin 1
a: Renounce Religion, Berserk, Trog's Hand, Brothers in Arms


You were on level 2 of the Orcish Mines.
You worshipped Trog.
Trog was exalted by your worship.
You visited 3 branches of the dungeon, and saw 20 of its levels.
You also visited: Sewer, Ossuary, Bailey and Volcano.

You collected 1882 gold pieces.

Inventory:

Missiles
 g - 2 atropa-tipped darts (quivered)
 m - 8 curare-tipped darts
 O - 5 throwing nets
Armour
 y - a +0 kite shield
 A - +0 steam dragon scales
 J - a +0 troll leather armour (worn)
 K - +0 acid dragon scales
 M - a +0 tower shield (worn)
 T - a +0 cloak (worn)
Jewellery
 a - a +4 ring of slaying
 i - an amulet of the acrobat (around neck)
 n - a +4 ring of evasion
 w - a ring of the Octopus King {Wiz AC+1 EV+1 Str+1 Int+1 Dex+1}
   (You found it on level 9 of the Dungeon)

   [ring of wizardry]

   It improves your spell success rate.
   AC:        It affects your AC (+1).
   EV:        It affects your evasion (+1).
   Str:       It affects your strength (+1).
   Int:       It affects your intelligence (+1).
   Dex:       It affects your dexterity (+1).
 x - a +6 ring of intelligence
 z - a ring of protection from fire
 L - the ring of the Scarab (left claw) {rPois rC+ Will+++ rCorr Str-2}
   (You found it on level 7 of the Dungeon)

   [ring of protection from cold]

   Str:       It affects your strength (-2).
   rC:        It protects you from cold.
   rPois:     It protects you from poison.
   rCorr:     It protects you from acid and corrosion.
   Will:      It greatly increases your willpower.
 Q - the ring "Eweypt" (right claw) {Will+ rCorr Str+6 SInv}
   (You acquired it in a bailey)

   [ring of strength]

   Str:       It affects your strength (+6).
   SInv:      It lets you see invisible.
   rCorr:     It protects you from acid and corrosion.
   Will:      It increases your willpower.
 Z - a +4 ring of evasion
Wands
 F - a wand of flame (33)
 G - a wand of iceblast (21)
 S - a wand of polymorph (4)
 U - a wand of acid (19)
Scrolls
 h - a scroll of brand weapon
 j - 7 scrolls of enchant weapon
 l - a scroll of teleportation
 r - a scroll of silence
 s - a scroll of fog
 C - a scroll of immolation
 I - a scroll of enchant armour
 P - a scroll of fear
 V - a scroll of holy word
 W - 2 scrolls of magic mapping
 Y - a scroll of summoning
Potions
 b - 5 potions of flight
 c - 2 potions of cancellation
 d - 4 potions of curing
 e - 2 potions of ambrosia
 f - 4 potions of brilliance
 o - 3 potions of magic
 p - 5 potions of resistance
 q - 4 potions of heal wounds {unknown}
 t - a potion of might {unknown}
 u - a potion of invisibility {unknown}
 v - 3 potions of degeneration {unknown}
 B - 6 potions of berserk rage {unknown}
 D - 3 potions of mutation {unknown}
 E - a potion of attraction {unknown}
 H - a potion of haste {unknown}
 R - 2 potions of lignification {unknown}


   Skills:
 - Level 9.1 Fighting
 + Level 10.4 Armour
 - Level 9.0 Dodging
 - Level 15.0 Shields
 - Level 8.4 Unarmed Combat


You had 14 spell levels left.
You didn't know any spells.
Your spell library contained the following spells:

 Spells                   Type           Power      Damage    Failure   Level
 Static Discharge         Conj/Air       0%         N/A       69%         2
 Portal Projectile        Hex/Tloc       0%         N/A       89%         3
 Dispel Undead            Necr           0%         3d6       100%        4
 Sticky Flame             Conj/Fire      0%         2d3       100%        4
 Blade Hands              Tmut           0%         N/A       100%        5
 Excruciating Wounds      Necr           0%         N/A       100%        5


Dungeon Overview and Level Annotations

Branches:
Dungeon (12/15)            Temple (0/1) D:7            Lair (6/6) D:10
 Shoals (0/4) Lair:4       Spider (0/4) Lair:2        Slime (0/5) Lair:5
    Orc (2/2) D:12          Sewer (visited)         Ossuary (visited)
 Bailey (visited)         Volcano (visited)
    Elf: Orc:2

Altars:
Ashenzari
Elyvilon
Fedhas
Hepliaklqana
Qazlal
Ru
Trog
Vehumet
Wu Jian
Xom
Yredelemnul
Beogh

Shops:
D:4 [   D:10 *   Orc:1 (!(

Portals:
Trove: D:10 (show abyssal rune of Zot)

Annotations:
Orc:2 Maurice, Saint Roka


Innate Abilities, Weirdness & Mutations

You are too large for most types of armour.
You have claws for hands.
Your natural rate of healing is unusually fast.
You are covered in fur. (AC +1)
You have tough skin. (AC +1)


Message History

Saint Roka is moderately wounded.
You block Saint Roka's attack.
You closely miss Saint Roka.
Saint Roka is moderately wounded.
You scratch Saint Roka but do no damage.
Saint Roka is moderately wounded.
You are no longer berserk.
You are exhausted.
You feel yourself slow down.
Saint Roka hits you with a +0 great mace!!
You claw Saint Roka!
Saint Roka is moderately wounded.
You block Saint Roka's attack.
You mangle Saint Roka!!
Saint Roka is moderately wounded.
Saint Roka invokes the aid of Beogh against you.
Beogh smites you!
You mangle Saint Roka!!
Saint Roka is heavily wounded.
Saint Roka invokes the aid of Beogh against you.
Beogh smites you!
Saint Roka hits you with a +0 great mace!
You mangle Saint Roka!!
Saint Roka is severely wounded.
Saint Roka mumbles some strange prayers to Beogh against you.
Beogh smites you!
You closely miss Saint Roka.
Saint Roka is heavily wounded.
Saint Roka hits you with a +0 great mace!
You scratch Saint Roka.
Saint Roka is severely wounded.
Saint Roka hits you with a +0 great mace!! x2
* * * LOW HITPOINT WARNING * * *
Saint Roka invokes the aid of Beogh against you.
Beogh smites you!
* * * LOW HITPOINT WARNING * * *
It was a potion of magic.
Magic courses through your body.
Saint Roka invokes the aid of Beogh against you.
Beogh smites you!
You die...

.........................#.#..
..............................
........................#....
........................##.#.
............................#
......)..................#.#
.........................# #
.....................#...##
..............<.@)........#
..................o....#.##
......................#.#.#
...........................#
.......#..................##
...........................#
.......#....................#
...... ........#............#
..... ......o....


You could see Saint Roka.

Vanquished Creatures
  Jorgrun (Orc:1)
  Frances (D:12)
  Snorg (D:12)
  5 catoblepae
  A centaur warrior (D:10)
  5 boulder beetles
  A dancing weapon (Volcano)
  Erica (D:8)
  5 two-headed ogres
  8 death yaks
  An orc high priest (Bailey)
  Nergalle (Lair:3)
  A lindwurm (Lair:4)
  5 wizards (Volcano)
  2 deep elf pyromancers (D:12)
  2 orc sorcerers
  An orc knight (Bailey)
  An orb spider (Lair:2)
  5 toenail golems (Volcano)
  5 manticores
  A cyclops (D:7)
  A centaur zombie (D:10)
  8 elephants
  6 black mambas
  3 gargoyles
  7 cane toads
  An unseen horror (D:7)
  2 rime drakes
  8 komodo dragons
  5 polar bears
  8 trolls
  2 hornets
  2 blink frogs
  5 dream sheep (Lair:6)
  4 slime creatures (D:12)
  A shadow (D:12)
  2 wraiths
  2 vampires (D:12)
  70 yaks
  4 steam dragons
  11 vampire mosquitoes
  3 wyverns
  4 basilisks
  3 wargs
  3 acid dragons
  15 water moccasins
  Duvessa (D:7)
  20 orc warriors
  A hornet zombie (D:7)
  A necrophage (D:4)
  A black bear (D:7)
  3 ogres
  23 wolves
  12 centaurs
  A phantom (D:7)
  A kobold brigand (D:10)
  2 wyvern zombies
  Blork the orc (D:4)
  3 scorpions
  19 bullfrogs
  2 gnoll sergeants
  8 water moccasin zombies (Ossuary)
  Dowan (D:7)
  15 killer bees
  13 wights
  7 electric eels
  A howler monkey (D:11)
  4 bullfrog zombies
  3 hounds
  18 jellies
  12 orc priests
  Crazy Yiuf (D:4)
  2 gnoll shamans
  A centaur skeleton (D:7)
  3 iguanas
  15 orc wizards
  A hound zombie (D:5)
  3 mummies
  2 howler monkey zombies
  Robin (D:4)
  25 gnolls
  3 howler monkey skeletons (D:7)
  15 adders
  A river rat (D:4)
  A white imp (D:7)
  An ufetubus (D:7)
  5 adder zombies (Ossuary)
  A worm (D:2)
  A dart slug (D:3)
  57 orcs
  7 bats
  17 endoplasms
  17 giant cockroaches
  20 goblins
  22 hobgoblins
  8 jackals
  9 kobolds
  23 quokkas
  16 ball pythons
  5 frilled lizards
  3 gnoll zombies (Ossuary)
  A goblin zombie (D:5)
  8 hobgoblin zombies
  5 kobold zombies (Ossuary)
  4 orc zombies (Ossuary)
  2 rats
713 creatures vanquished.

Vanquished Creatures (collateral kills)
  7 hydras
  A death yak (Lair:5)
  A komodo dragon (Lair:3)
  5 blink frogs
  3 yaks
  A wolf (Lair:5)
  2 orcs (D:11)
20 creatures vanquished.

Vanquished Creatures (others)
  25 fungi
  37 plants
62 creatures vanquished.

Grand Total: 795 creatures vanquished

Notes
Turn   | Place    | Note
-------+----------+-------------------------------------------
     0 | D:1      | nyamberluvr69 the Troll Berserker began the quest for the
                  | Orb.
     0 | D:1      | Reached XP level 1. HP: 22/22 MP: 0/0
    70 | D:1      | Reached XP level 2. HP: 29/29 MP: 1/1
   445 | D:1      | Found a faded altar of an unknown god.
   523 | D:1      | Reached XP level 3. HP: 37/37 MP: 2/2
   803 | D:2      | Reached ** piety under Trog
   929 | D:2      | Found a shimmering altar of Xom.
   952 | D:2      | Reached XP level 4. HP: 46/46 MP: 3/3
  1547 | D:3      | Reached XP level 5. HP: 54/54 MP: 4/4
  2061 | D:3      | Found an ornate altar of the Wu Jian Council.
  2160 | D:3      | Found a broken altar of Ashenzari.
  2164 | D:3      | Saw a vision of the Shoals and the Spider Nest.
  2164 | D:3      | Noticed a merfolk
  2164 | D:3      | Noticed a merfolk
  2164 | D:3      | Noticed a wolf spider
  2164 | D:3      | Noticed a redback
  2164 | D:3      | Noticed a redback
  2164 | D:3      | Noticed a wind drake
  2164 | D:3      | Noticed a wind drake
  2164 | D:3      | Noticed a merfolk
  2164 | D:3      | Noticed a centaur
  2164 | D:3      | Noticed a wolf spider
  2165 | D:3      | Noticed a wind drake
  2165 | D:3      | Noticed a centaur
  2479 | D:4      | Reached XP level 6. HP: 6/65 MP: 5/5
  2484 | D:4      | Noticed Robin
  2504 | D:4      | Reached skill level 5 in Fighting
  2541 | D:4      | Noticed Blork the orc
  2552 | D:4      | Killed Blork the orc
  2552 | D:4      | Reached *** piety under Trog
  2581 | D:4      | Reached skill level 5 in Unarmed Combat
  2584 | D:4      | Found Ystaulo's Antique Armour Shop.
  2593 | D:4      | Identified the +4 dagger "Onameu" {drain, Dex+5 Stlth+}
  2639 | D:4      | Noticed a wyvern
  2646 | D:4      | Killed a wyvern
  2647 | D:4      | Reached XP level 7. HP: 73/74 MP: 6/6
  2696 | D:4      | Noticed a steam dragon
  2705 | D:4      | Killed a steam dragon
  2827 | D:4      | Killed Robin
  2970 | D:4      | Found a runed translucent door.
  2971 | D:4      | Noticed Crazy Yiuf
  3122 | D:4      | Found a glowing drain.
  3126 | Sewer    | Entered a sewer
  3288 | Sewer    | Reached **** piety under Trog
  3415 | Sewer    | Reached XP level 8. HP: 79/84 MP: 7/7
  3624 | D:4      | Killed Crazy Yiuf
  3706 | D:5      | Entered Level 5 of the Dungeon
  4095 | D:5      | Found a sand-covered staircase.
  4100 | Ossuary  | Entered an ossuary
  4181 | Ossuary  | Reached ***** piety under Trog
  4519 | D:5      | Reached XP level 9. HP: 95/97 MP: 8/8
  5013 | D:6      | Reached skill level 1 in Shields
  5150 | D:6      | Reached skill level 2 in Shields
  5835 | D:7      | Reached skill level 3 in Shields
  5950 | D:7      | Noticed Duvessa
  5951 | D:7      | Noticed Dowan
  5959 | D:7      | Killed Duvessa
  5960 | D:7      | Reached skill level 4 in Shields
  5964 | D:7      | Killed Dowan
  6067 | D:7      | Received a gift from Trog
  6074 | D:7      | Reached skill level 5 in Shields
  6122 | D:7      | Found a staircase to the Ecumenical Temple.
  6192 | D:7      | Found a bloodstained altar of Trog.
  6192 | D:7      | Found a white marble altar of Elyvilon.
  6267 | D:7      | Found a hazy altar of Hepliaklqana.
  6419 | D:7      | Found a radiant altar of Vehumet.
  6420 | D:7      | Found a blossoming altar of Fedhas.
  6421 | D:7      | Found a sacrificial altar of Ru.
  6421 | D:7      | Found a broken altar of Ashenzari.
  6553 | D:7      | Reached skill level 6 in Shields
  6634 | D:7      | Reached XP level 10. HP: 79/102 MP: 9/9
  6673 | D:7      | Noticed a manticore
  6681 | D:7      | Killed a manticore
  6733 | D:7      | Reached skill level 7 in Shields
  6734 | D:7      | Noticed a cyclops
  6746 | D:7      | Noticed a boulder beetle
  6903 | D:7      | Killed a cyclops
  6923 | D:7      | Reached skill level 8 in Shields
  6941 | D:7      | Found the +8 trident of the Octopus King {venom, rElec
                  | rPois Will+}
  6941 | D:7      | Noticed a manticore
  6968 | D:7      | Killed a manticore
  6995 | D:7      | Killed a boulder beetle
  6996 | D:7      | Reached skill level 9 in Shields
  7062 | D:7      | Identified the ring of the Scarab {rPois rC+ Will+++ rCorr
                  | Str-2}
  7065 | D:7      | Identified the +5 spear of the Ecumenical Temple {distort,
                  | rElec Int-2 Dex+7}
  7343 | D:8      | Noticed Erica
  7361 | D:8      | Killed Erica
  7362 | D:8      | Reached XP level 11. HP: 72/115 MP: 10/10
  7892 | D:9      | Found the ring of the Octopus King
  7896 | D:9      | Identified a ring of the Octopus King {Wiz AC+1 EV+1 Str+1
                  | Int+1 Dex+1}
  8027 | D:9      | Reached skill level 10 in Shields
  8164 | D:9      | Found a flagged portal.
  8194 | Bailey   | Entered a bailey
  8372 | Bailey   | Found an iron altar of Okawaru.
  8374 | Bailey   | Noticed an orc sorcerer
  8396 | Bailey   | Noticed a sixfirhy
  8400 | Bailey   | Noticed a sixfirhy
  8405 | Bailey   | Killed an orc sorcerer
  8405 | Bailey   | Reached ****** piety under Trog
  8461 | Bailey   | Noticed an orc high priest
  8475 | Bailey   | Killed an orc high priest
  8964 | Bailey   | Noticed an orc knight
  8978 | Bailey   | Killed an orc knight
  8979 | Bailey   | Reached skill level 11 in Shields
  9014 | Bailey   | Acquired the ring "Eweypt" {Will+ rCorr Str+6 SInv}
  9842 | D:9      | Found a stormy altar of Qazlal.
 10052 | D:10     | Entered Level 10 of the Dungeon
 10056 | D:10     | Noticed a two-headed ogre
 10075 | D:10     | Killed a two-headed ogre
 10139 | D:10     | Found Kiwupsi's Changing Room.
 10215 | D:10     | Noticed a centaur warrior
 10224 | D:10     | Killed a centaur warrior
 10225 | D:10     | Reached skill level 12 in Shields
 10360 | D:10     | Noticed a boulder beetle
 10436 | D:10     | Found a staircase to the Lair.
 10512 | D:10     | Killed a boulder beetle
 10513 | D:10     | Reached XP level 12. HP: 64/123 MP: 11/11
 10850 | D:10     | Found a portal to a secret trove of treasure.
 10949 | Lair:1   | Entered Level 1 of the Lair of Beasts
 11146 | Lair:1   | Reached skill level 13 in Shields
 11492 | Lair:1   | Received a gift from Trog
 11726 | Lair:1   | Noticed a six-headed hydra
 11729 | Lair:1   | a six-headed hydra changed into a polar bear
 12440 | Lair:2   | Noticed an eight-headed hydra
 12469 | Lair:2   | Killed a nine-headed hydra
 12470 | Lair:2   | Reached skill level 14 in Shields
 12704 | Lair:2   | Found a hole to the Spider Nest.
 13311 | Lair:3   | You fall into a shaft and drop 3 floors!
 13311 | Lair:6   | Entered Level 6 of the Lair of Beasts
 13357 | Lair:6   | Reached XP level 13. HP: 46/131 MP: 12/12
 13411 | Lair:5   | Found the +9 heavy crossbow "Sniper" {vorpal, Acc+∞ SInv}
 13560 | Lair:3   | Noticed Nergalle
 13569 | Lair:3   | Killed Nergalle
 13911 | Lair:3   | Found a shimmering altar of Xom.
 14022 | Lair:3   | Reached skill level 15 in Shields
 14831 | Lair:4   | Noticed Sonja
 14842 | Lair:4   | Noticed Sonja
 14842 | Lair:4   | Sonja changed into Sonja the blink frog
 14857 | Lair:4   | Killed Sonja the blink frog
 14901 | Lair:4   | Found a staircase to the Shoals.
 15039 | Lair:4   | Reached skill level 5 in Dodging
 15503 | Lair:5   | Paralysed by a hornet for 1 turns
 15878 | Lair:5   | Found a staircase to the Slime Pits.
 16249 | Lair:5   | Found a bloodstained altar of Trog.
 16292 | Lair:5   | You fall into a shaft and drop 1 floor!
 16900 | Lair:6   | Found a basalt altar of Yredelemnul.
 16983 | Lair:6   | Identified the +3 falchion "Tableym" {antimagic, Will++}
 17378 | Lair:6   | Reached XP level 14. HP: 140/140 MP: 13/13
 17446 | Lair:6   | Reached skill level 1 in Armour
 17970 | Lair:5   | Identified the +4 flail "Tearov" {vorpal, Fly Str-5 SInv}
                  | (Trog gifted it to you on level 5 of the Lair of Beasts)
 17970 | Lair:5   | Received a gift from Trog
 19037 | Lair:6   | Reached skill level 5 in Armour
 20516 | D:11     | Identified the +1 leather armour "Peruvanurr" {Str+10}
 20597 | D:11     | Received a gift from Trog
 20958 | D:12     | Noticed Frances
 20980 | D:12     | Killed Frances
 21126 | D:12     | Upgraded the game from 0.27-a0-1456-gf5a116941d to
                  | 0.27-a0-1500-g450c7e4133
 21202 | D:12     | Found a staircase to the Orcish Mines.
 22029 | Orc:1    | Entered Level 1 of the Orcish Mines
 22056 | Orc:1    | Found Teirup's Distillery.
 22058 | Orc:1    | Found Koezxox's Antique Weapon Shop.
 22221 | Orc:1    | Noticed Snorg
 22355 | D:12     | Killed Snorg
 22427 | Orc:1    | Noticed Jorgrun
 22454 | Orc:1    | Killed Jorgrun
 22555 | Orc:1    | Found Gajeoted's Antique Weapon Shop.
 22679 | Orc:2    | Entered Level 2 of the Orcish Mines
 22679 | Orc:2    | Noticed Saint Roka
 22710 | Orc:1    | Reached XP level 15. HP: 117/146 MP: 14/14
 22928 | Orc:2    | Found a dark tunnel.
 22937 | Volcano  | Entered a volcano
 23141 | Volcano  | Reached skill level 10 in Armour
 23417 | Orc:2    | Noticed Maurice
 23504 | Orc:2    | HP: 6/146 [Saint Roka/divine providence (13)]
 23505 | Orc:2    | Killed from afar by Saint Roka

Illustrated notes

Levels and vault maps discovered:
D:1:      dpeg_arrival_connections, layout_basic, ebering_ecumenical_altar_webs
D:2:      layout_basic, basic_altar, patterned_corridor
D:3:      layout_loops_ring, grunt_ashenzari_visionary
          [grunt_ashenzari_visionary_shoals, grunt_ashenzari_visionary_spider],
          nicolae_wu_jian_glorious_leap, solitary_fountain
D:4:      layout_cave_pools, serial_shops, nicolae_shop_crystal,
          gup_sewer_entry_spiral, uniq_crazy_yiuf_cottage, uniq_blork_the_orc,
          uniq_robin
D:5:      layout_basic, nicolae_ossuary_entry_giza, grunt_ministairs_12
D:6:      layout_basic
D:7:      minmay_the_grid_octo_tiled_octocenter [minmay_the_grid_octo_shrine,
          minmay_the_grid_octo_horde, minmay_the_grid_octo_clover_2,
          minmay_the_grid_octo_checkered,
          minmay_the_grid_octo_prize_ultimate_mussel_roller,
          minmay_the_grid_square_5x5_three_walls, minmay_the_grid_square_5x5_c,
          minmay_the_grid_square_5x5_mess, minmay_the_grid_square_5x5_comb],
          layout_basic, chequers_temple_overflow_statue_of_worship,
          minmay_temple_entry_butterflies, uniq_duvessa
D:8:      layout_basic, uniq_erica
D:9:      layout_long_grid, grunt_qazlal_sundering, enter_bailey_6,
          hangedman_abyss_or_decor_lesser_grid,
          amcnicky_mini_rare_corridor_liquid, minivault_24
D:10:     layout_basic, lair_entry_dummy, nicolae_trove_entry_crystal,
          nicolae_transmutations_shop
D:11:     layout_loops_corners, kennysheep_potato
D:12:     layout_long_grid, minmay_orc_entry_temple_small, uniq_frances
Lair:1:   layout_cave_pods, grunt_megastairs_2
Lair:2:   layout_chaotic_city, nicolae_spider_entry_orb_guardian,
          nicolae_quartered_pool_super, serial_bayou_shore_a
Lair:3:   layout_small_grid, basic_altar, grunt_megastairs_3, uniq_nergalle
Lair:4:   layout_long_grid, elwin_shoals_entry_rocks, uniq_sonja
Lair:5:   layout_long_grid, minmay_slime_entry_jelly_boxes, basic_altar,
          infiniplex_staircase_pool, lemuel_fruit_fields
Lair:6:   evilmike_catoblepas_cave, layout_hall_layers, lemuel_centaur_altar
Orc:1:    layout_caves, serial_shops, nicolae_shop_statue_plus,
          nicolae_diamond_shop, shop, nicolae_orc_flooded_monolith, uniq_snorg,
          uniq_jorgrun
Orc:2:    st_orc_open, layout_caves, enter_volcano_2, hangedman_minor_magic,
          uniq_saint_roka, uniq_maurice

Skill      XL: |  1  2  3  4  5  6  7  8  9 10 11 12 13 14 15 |
---------------+----------------------------------------------+-----
Fighting       | 3 4 5 6 8 9 |  9.1
Unarmed Combat | 4 5 6 7 8 |  8.4
Shields        | 6 9 12 14 15 | 15.0
Dodging        | 9 |  9.0
Armour         | 9 10 | 10.4

Action                   |  1- 3 |  4- 6 |  7- 9 | 10-12 | 13-15 || total
-------------------------+-------+-------+-------+-------+-------++-------
Melee: Unarmed           |    95 |   116 |   523 |   748 |  1145 ||  2627
       Punch             |     1 |     3 |    12 |       |       ||    16
Throw: Dart              |       |       |       |     1 |       ||     1
Invok: Berserk           |     1 |     2 |     3 |    10 |    16 ||    32
       Trog's Hand       |       |     2 |       |     3 |     3 ||     8
       Brothers in Arms  |       |       |       |     1 |     7 ||     8
Evoke: Wand              |       |       |       |    18 |     7 ||    25
  Use: Scroll            |       |     2 |     6 |     6 |    11 ||    25
       Potion            |       |     2 |       |     1 |     1 ||     4
 Stab: Sleeping          |     1 |     2 |       |       |       ||     3
       Petrified         |       |       |       |       |     1 ||     1
       Distracted        |       |       |       |       |     1 ||     1
Armor: Animal skin       |    28 |    36 |   105 |       |       ||   169
       Steam dragon scal |       |       |    45 |    15 |       ||    60
       Troll leather arm |       |       |       |   117 |   211 ||   328
Dodge: Dodged            |    48 |    68 |   257 |   256 |   462 ||  1091
Block: Kite shield       |       |       |    79 |   477 |   497 ||  1053
       Tower shield      |       |       |       |       |   586 ||   586

Table legend: (Time is in decaauts)
 A = Elapsed time spent in this place.
 B = Non-inter-level travel time spent in this place.
 C = Inter-level travel time spent in this place.
 D = Time resting spent in this place.
 E = Time spent auto-exploring this place.
 F = Levels seen in this place.
 G = Mean time per level.
                   A        B        C        D        E       F      G
               +--------+--------+--------+--------+--------+-----+--------+
         Total |  23557 |  22628 |    929 |   4299 |  11894 |  24 |  981.5 |
       Dungeon |  11843 |  11228 |    615 |   1190 |   7218 |  12 |  986.9 |
          Lair |   8547 |   8253 |    294 |   2444 |   3801 |   6 | 1424.5 |
  Orcish Mines |    916 |    897 |     19 |    132 |    395 |   2 |  458.0 |
         Sewer |    359 |    359 |      0 |      0 |    132 |   1 |  359.0 |
       Ossuary |    187 |    187 |      0 |      0 |     75 |   1 |  187.0 |
        Bailey |   1282 |   1282 |      0 |    444 |    217 |   1 | 1282.0 |
       Volcano |    419 |    419 |      0 |     88 |     55 |   1 |  419.0 |
               +--------+--------+--------+--------+--------+-----+--------+

Top non-repeatable levels by time:
  Lair:6: 2598 daAuts
  Lair:2: 1494 daAuts
     D:7: 1446 daAuts
  Lair:5: 1419 daAuts
    D:12: 1381 daAuts
  Bailey: 1282 daAuts
  Lair:3: 1162 daAuts
    D:11: 1141 daAuts
     D:6: 1129 daAuts
     D:3: 1073 daAuts
     D:4: 988 daAuts
    D:10: 976 daAuts
  Lair:1: 942 daAuts
  Lair:4: 930 daAuts
     D:9: 904 daAuts
